 Dungeon Crawl Stone Soup version 0.14-a0-3538-g669f2b4 (webtiles) character file.

1771 vladimirc the Covert (level 8, 0/62 HPs)
             Began as a Naga Wizard on Mar 27, 2014.
             Slain by HenryFlower's ghost (18 damage)
             ... on Level 9 of the Dungeon.
             The game lasted 00:23:00 (5876 turns).

vladimirc the Covert (Naga Wizard)                  Turns: 5876, Time: 00:23:00

HP   0/62        AC  3     Str  9      XL: 8   Next: 87%
MP   0/27        EV  9     Int 21      God:
Gold 229         SH  0     Dex 10      Spells:  5 memorised,  4 levels left

rFire  . . .     SeeInvis +     m - +0 short sword (speed)
rCold  . . .     Clarity  .     C - +0 robe {MR+}
rNeg   . . .     Conserve .     (no shield)
rPois  +         rCorr    .     b - +0 hat
rElec  .         rRot     .     (no cloak)
SustAb . .       Spirit   .     (no gloves)
rMut   .         Warding  .     (no barding)
Saprov . . .     Stasis   .     (no amulet)
MR     ++...                    (no ring)
                                a - ring of magical power

@: repel missiles, very slightly contaminated, very slow, very resistant to
hostile enchantments, extremely stealthy
A: spit poison, see invisible, deformed body, poison resistance, slowness 2, AC
+2
a: Spit Poison


You were on level 9 of the Dungeon.
You were very hungry.

You visited 2 branches of the dungeon, and saw 9 of its levels.

You collected 252 gold pieces.
You spent 23 gold pieces at shops.

Inventory:

Hand weapons
 g - a +0,+0 dagger
 m - a +0,+0 short sword of speed (weapon)
 F - a +1,+0 dagger of venom
 H - a cursed -1,-2 dagger
Armour
 b - a +0 hat (worn)
 j - a +1 helmet
 C - a +0 robe of magic resistance (worn)
 E - a +0 robe of positive energy
Comestibles
 d - 3 bread rations
 k - 3 chokos
 p - 3 meat rations
 r - an apple
 G - 2 rotting chunks of hobgoblin flesh
 I - 2 rotting chunks of hobgoblin flesh
 K - 4 rotting chunks of gnoll flesh
Scrolls
 i - 4 scrolls of remove curse
 l - 3 scrolls of immolation {unknown}
 n - a scroll of amnesia {unknown}
 o - 2 scrolls of magic mapping {unknown}
 q - 4 scrolls of teleportation {unknown}
 u - a scroll of identify
 v - a scroll of fog {unknown}
 w - a scroll of blinking {unknown}
 A - a scroll of enchant weapon II {unknown}
Jewellery
 a - a ring of magical power (left hand)
 x - an uncursed ring of teleportation
Potions
 e - a potion of paralysis {unknown}
 f - 5 potions of curing {unknown}
 h - a potion of restore abilities {unknown}
 s - 2 potions of poison {unknown}
 t - 2 potions of heal wounds
 z - 2 potions of brilliance {unknown}
 D - a potion of flight
 J - a potion of might {unknown}
Books
 c - a book of Minor Magic

   Spells                             Type                      Level
   *Magic Dart                        Conjuration                  1
   *Blink                             Translocation                2
   Call Imp                           Summoning                    2
   *Repel Missiles                    Charms/Air                   2
   Slow                               Hexes                        2
   *Conjure Flame                     Conjuration/Fire             3
   *Mephitic Cloud                    Conjuration/Poison/Air       3
 y - a book of Annihilations {highlevel}

   This book is beyond your current level of understanding.

   Spells                             Type                      Level
   Poison Arrow                       Conjuration/Poison           6
   Chain Lightning                    Conjuration/Air              8
   Lehudib's Crystal Spear            Conjuration/Earth            8
   Glaciate                           Conjuration/Ice              9
   Fire Storm                         Conjuration/Fire             9


   Skills:
 - Level 0.1 Armour
 - Level 1.5 Dodging
 - Level 11.0 Stealth
 - Level 4.3 Spellcasting
 - Level 6.0 Conjurations
   Level 1.0 Summonings
 - Level 3.2 Translocations
 - Level 0.4 Fire Magic
 - Level 0.4 Air Magic
 + Level 3.2 Poison Magic


You had 4 spell levels left.
You knew the following spells:

 Your Spells              Type           Power        Failure   Level  Hunger
a - Magic Dart            Conj           ####         1%          1    None
c - Mephitic Cloud        Conj/Pois/Air  ###.....     12%         3    ###....
d - Blink                 Tloc           N/A          6%          2    #......
e - Conjure Flame         Conj/Fire      ###.....     12%         3    ###....
r - Repel Missiles        Chrm/Air       #.....       17%         2    #......


Dungeon Overview and Level Annotations

Branches:
Dungeon (9/15)             Temple (1/1) D:4
    Orc: D:9-12        Lair: D:8-11

Altars:
Ashenzari
Dithmenos
Fedhas
Kikubaaqudgha
Makhleb
Nemelex Xobeh
Okawaru
Sif Muna
Trog
Yredelemnul
Zin
The Shining One

Shops:
D:4 [   D:9 *

Annotations:
D:9 HenryFlower's ghost, experienced OpGl


Innate Abilities, Weirdness & Mutations

You cannot wear boots.
You can spit poison.
Your serpentine skin is tough (AC +2).
You have supernaturally acute eyesight.
Armour fits poorly on your strangely shaped body.
Your system is resistant to poisons.
You cover ground very slowly.


Message History

HenryFlower's ghost hits you!
You writhe in agony.
Casting: Magic Dart
Confirm with . or Enter, or press ? or * to list all spells.
Aiming: Magic Dart
Press: ? - help, Shift-Dir - straight line, f/p - HenryFlower's ghost
Aim: HenryFlower's ghost (almost destroyed)
The magic dart hits HenryFlower's ghost.
HenryFlower's ghost is almost destroyed.
HenryFlower's ghost hits you!
* * * LOW HITPOINT WARNING * * *
Casting: Magic Dart
Confirm with . or Enter, or press ? or * to list all spells.
Aiming: Magic Dart
Press: ? - help, Shift-Dir - straight line, f/p - HenryFlower's ghost
Aim: HenryFlower's ghost (almost destroyed)
The magic dart hits HenryFlower's ghost.
HenryFlower's ghost is almost destroyed.
You have got your breath back.
HenryFlower's ghost hits you!
You die...

###### #....#
########'##.#####
####......'∩'......# #####
.......####'######.#.....#
######.###..######...#
######.........p@....#
........############.#
#######)# <.. #)# ##.. #.#
... ### #.# . ..# #.# #.#
#.# #.# #.#


You could see HenryFlower's ghost.

Vanquished Creatures
  The ghost of Banquo the Slasher, an experienced DrGl of the Shining One (D:4)
  A phantom (D:9)
  An ogre (D:9)
  2 centaurs (D:5)
  A scorpion (D:4)
  3 crimson imps
  A goliath beetle (D:6)
  2 orc priests
  4 orc wizards
  A jelly (D:6)
  A centaur skeleton (D:6)
  3 hounds
  4 worker ants
  Terence (D:3)
  9 gnolls
  8 adders
  3 worms
  An adder skeleton (D:5)
  5 giant geckos
  2 oozes
  14 orcs
  13 bats
  4 giant cockroaches
  13 goblins
  8 hobgoblins
  5 jackals
  10 kobolds
  A quokka (D:5)
  3 ball pythons
  7 giant newts
  A goblin skeleton (D:4)
  A goblin zombie (D:4)
  A kobold skeleton (D:6)
  2 orc zombies
  14 rats
151 creatures vanquished.

Vanquished Creatures (others)
  An adder (D:4)
1 creature vanquished.

Grand Total: 152 creatures vanquished

Notes
Turn   | Place    | Note
--------------------------------------------------------------
     0 | D:1      | vladimirc, the Naga Wizard, began the quest for the Orb.
     0 | D:1      | Reached XP level 1. HP: 15/15 MP: 4/4
     2 | D:1      | Noticed a troll
     4 | D:1      | Noticed a merfolk
     4 | D:1      | Noticed a spriggan
     6 | D:1      | Noticed a demonspawn
     6 | D:1      | Noticed a demigod
     8 | D:1      | Noticed an octopode
     8 | D:1      | Noticed a tengu
    10 | D:1      | Noticed a vampire
    10 | D:1      | Noticed a naga
    12 | D:1      | Noticed a vine stalker
    12 | D:1      | Noticed an elf
    14 | D:1      | Noticed an ogre
    14 | D:1      | Noticed a human
    16 | D:1      | Noticed a ghoul
    16 | D:1      | Noticed a felid
    18 | D:1      | Noticed a draconian
    18 | D:1      | Noticed a formicid
    20 | D:1      | Noticed a dwarf
    24 | D:1      | Noticed a gargoyle
    26 | D:1      | Noticed a centaur
    26 | D:1      | Noticed a minotaur
   180 | D:1      | Reached XP level 2. HP: 22/22 MP: 3/6
   222 | D:1      | Learned a level 2 spell: Blink
   851 | D:1      | Reached XP level 3. HP: 28/28 MP: 6/8
   954 | D:1      | Learned a level 3 spell: Mephitic Cloud
   958 | D:1      | Learned a level 3 spell: Conjure Flame
  1297 | D:2      | Reached skill level 4 in Spellcasting
  1316 | D:2      | Reached XP level 4. HP: 18/36 MP: 0/11
  2185 | D:3      | Learned a level 2 spell: Repel Missiles
  2301 | D:3      | Noticed Terence
  2312 | D:3      | Killed Terence
  2312 | D:3      | Reached XP level 5. HP: 42/42 MP: 4/13
  2899 | D:4      | Found a glowing silver altar of Zin.
  3213 | D:4      | Reached XP level 6. HP: 35/49 MP: 8/15
  3302 | D:4      | Found a staircase to the Ecumenical Temple.
  3315 | Temple   | Entered the Ecumenical Temple
  3581 | D:4      | Found a sparkling altar of Nemelex Xobeh.
  3605 | D:4      | Noticed Banquo's ghost (experienced DrGl)
  3615 | D:4      | Killed Banquo's ghost
  3615 | D:4      | Reached skill level 5 in Stealth
  3615 | D:4      | Reached skill level 5 in Conjurations
  3615 | D:4      | Reached XP level 7. HP: 52/55 MP: 11/17
  3654 | D:4      | Reached skill level 6 in Conjurations
  3862 | D:4      | Found Qyboethy's Antique Armour Shop.
  3871 | D:4      | Bought a runed robe for 23 gold pieces
  3968 | D:5      | Entered Level 5 of the Dungeon
  4002 | D:5      | Reached skill level 7 in Stealth
  4019 | D:5      | Reached skill level 1 in Poison Magic
  4133 | D:5      | Reached XP level 8. HP: 40/62 MP: 18/18
  4187 | D:5      | Found a deep blue altar of Sif Muna.
  4226 | D:5      | Reached skill level 8 in Stealth
  4994 | D:6      | Reached skill level 9 in Stealth
  5627 | D:7      | Found a blossoming altar of Fedhas.
  5657 | D:7      | Reached skill level 10 in Stealth
  5677 | D:7      | You fall through a shaft for 2 floors!
  5816 | D:9      | Reached skill level 11 in Stealth
  5825 | D:9      | Found Theobl Ilusm's Assorted Antiques.
  5834 | D:9      | Noticed HenryFlower's ghost (experienced OpGl)
  5876 | D:9      | Slain by HenryFlower's ghost

Action                   |  1- 3 |  4- 6 |  7- 9 || total
-------------------------+-------+-------+-------++-------
Melee: Dagger            |     4 |     4 |       ||     8
       Short sword       |     4 |     5 |    28 ||    37
 Cast: Magic Dart        |    65 |    92 |   233 ||   390
       Conjure Flame     |       |     3 |     3 ||     6
       Mephitic Cloud    |       |     1 |     9 ||    10
       Blink             |       |     1 |       ||     1
       Repel Missiles    |       |       |     2 ||     2
 Abil: Spit Poison       |    15 |    22 |    37 ||    74
  Use: Scroll            |       |     6 |       ||     6
 Stab: Sleeping          |     3 |     4 |     6 ||    13
       Confused          |       |       |     3 ||     3
